 Dungeon Crawl Stone Soup version 0.20.1 (webtiles) character file.

114 dvd the Chopper (level 4, -1/37 HPs)
             Began as a Minotaur Skald on July 2, 2017.
             Killed by divine providence
             ... invoked by an orc priest
              (14 damage)
             ... on level 3 of the Dungeon.
             The game lasted 00:04:46 (2410 turns).

dvd the Chopper (Minotaur Skald)                    Turns: 2410, Time: 00:04:47

Health: -1/37      AC:  7    Str: 15    XL:     4   Next: 67%
Magic:  14/14      EV: 11    Int: 10    God:
Gold:   92         SH:  3    Dex: 11    Spells: 0/6 levels left

rFire    . . .     SeeInvis .   a - +0 hand axe
rCold    . . .     Gourm    .   (no shield)
rNeg     . . .     Faith    .   h - +2 ring mail {rPois}
rPois    +         Spirit   .   (helmet restricted)
rElec    .         Reflect  +   (no cloak)
rCorr    +         Harm     .   (no gloves)
MR       .....                  (no boots)
Stlth    +.........             w - +3 amulet of reflection
Regen    0.2/turn               f - ring of resist corrosion
MPRegen  0.2/turn               v - ring of magical power

@: no status effects
A: retaliatory headbutt, horns 2
a: no special abilities


You were on level 3 of the Dungeon.
You were not hungry.

You visited 1 branch of the dungeon, and saw 3 of its levels.

You collected 92 gold pieces.

Inventory:

Hand Weapons
 a - a +0 hand axe (weapon)
 b - a +2 flail of holy wrath
Armour
 h - a +2 ring mail of poison resistance (worn)
Jewellery
 f - a ring of resist corrosion (left hand)
 v - a ring of magical power (right hand)
 w - a +3 amulet of reflection (around neck)
Scrolls
 e - 3 scrolls of magic mapping {unknown}
 i - a scroll of amnesia {unknown}
 k - a scroll of remove curse {unknown}
 m - a scroll of noise {unknown}
 o - a scroll of fear {unknown}
 p - a scroll of immolation {unknown}
 u - a scroll of fog {unknown}
 x - a scroll of identify {unknown}
Potions
 g - 2 potions of degeneration {unknown}
 l - a potion of resistance {unknown}
 n - a potion of haste {unknown}
 q - a potion of might {unknown}
Books
 c - a book of Battle

   Spells                             Type                      Level
   a - Infusion                       Charms                       1
   b - Shroud of Golubria             Charms/Translocation         2
   c - Song of Slaying                Charms                       2
   d - Spectral Weapon                Hexes/Charms                 3
   e - Regeneration                   Charms/Necromancy            3
Comestibles
 d - 3 bread rations
 j - 3 meat rations
 r - a royal jelly
 s - 4 fruits
 t - 7 chunks of flesh


   Skills:
 + Level 2.8 Fighting
 + Level 3.4 Axes
 + Level 1.9 Armour
 + Level 2.7 Dodging
 + Level 1.8 Spellcasting
 + Level 2.5 Charms
 + Level 0.4 Translocations


You couldn't memorise any spells.
You knew the following spells:

 Your Spells              Type           Power        Failure   Level  Hunger
a - Infusion              Chrm           #...         22%         1    ##.....
b - Shroud of Golubria    Chrm/Tloc      #.........   45%         2    ###....
c - Regeneration          Chrm/Necr      #.........   71%         3    ####...


Dungeon Overview and Level Annotations

Branches:
Dungeon (3/15)

Altars:


Innate Abilities, Weirdness & Mutations

You reflexively headbutt those who attack you in melee.
You have a pair of horns on your head.


Message History

You hit the orc priest.
You headbutt the orc priest, but do no damage.
The orc priest is severely wounded.
The orc priest misses you.
You hit the orc priest.
The orc priest is almost dead.
The orc priest hits you.
You hit the orc priest but do no damage.
You headbutt the orc priest, but do no damage.
The orc priest is almost dead.
The orc priest hits you but does no damage.
You hit the orc priest but do no damage.
You headbutt the orc priest, but do no damage.
The orc priest is almost dead.
The orc priest hits you.
You barely miss the orc priest.
The orc priest is almost dead.
The orc priest mumbles some strange prayers to Beogh against you.
Beogh smites you!
You die...

.....##..........)....##...
.....##..#.##.#..##.#.....
..##.##..........##.#.##.#
#)............#..##.#.# #
..##.##>.#.####..##.# #
#......>...# ##..##.#.#
.###.###.### #.#....#.##.#
.# #.# ######..).......# .#
.# .......@o..#.#### .#
######.##.## # .. #. #)# ##
#. #.# #. #o# .. ... ## ###


You could see an orc priest.

Vanquished Creatures
  5 adders
  An ooze (D:3)
  A worm (D:3)
  2 dart slugs
  3 orcs (D:3)
  A ball python (D:3)
  7 bats
  6 giant cockroaches
  7 goblins
  4 hobgoblins
  4 jackals (D:1)
  4 kobolds
  4 frilled lizards
  A quokka skeleton (D:3)
  5 rats
55 creatures vanquished.

Notes
Turn   | Place    | Note
-------+----------+-------------------------------------------
     0 | D:1      | dvd the Minotaur Skald began the quest for the Orb.
     0 | D:1      | Reached XP level 1. HP: 18/18 MP: 1/1
    74 | D:1      | Reached XP level 2. HP: 13/25 MP: 3/3
   300 | D:1      | Learned a level 2 spell: Shroud of Golubria
  1230 | D:2      | Reached XP level 3. HP: 30/30 MP: 1/4
  1404 | D:2      | Reached skill level 3 in Axes
  1981 | D:3      | Reached XP level 4. HP: 35/37 MP: 0/5
  2085 | D:3      | Learned a level 3 spell: Regeneration
  2410 | D:3      | Killed from afar by an orc priest

Skill      XL: |  1  2  3 |
---------------+----------+-----
Axes           | 3 |  3.4
Fighting       | |  2.8
Armour         | |  1.9
Dodging        | |  2.7
Spellcasting   | |  1.8
Charms         | |  2.5
Translocations | |  0.4

Action                   |  1- 3 |  4- 6 || total
-------------------------+-------+-------++-------
Melee: Hand axe          |   102 |    55 ||   157
       Headbutt          |    12 |     9 ||    21
 Cast: Shroud of Golubri |     9 |     6 ||    15
       Infusion          |     2 |       ||     2
  Eat: Chunk             |     4 |     3 ||     7
Armor: Leather armour    |     5 |       ||     5
       Ring mail         |    37 |    15 ||    52
Dodge: Dodged            |    72 |    27 ||    99
Block: Other             |       |     5 ||     5
